 Dungeon Crawl Stone Soup version 0.19.0-20-gbc5f0c6 (webtiles) character file.

719 aggelon the Archer (level 7, -1/60 HPs)
             Began as a Centaur Hunter on Nov 16, 2016.
             Was a Follower of Okawaru.
             Shot with an arrow by a centaur (3 damage)
             ... on level 4 of the Dungeon.
             The game lasted 00:48:00 (7048 turns).

aggelon the Archer (Centaur Hunter)                 Turns: 7048, Time: 00:48:00

Health: -1/60      AC: 10    Str: 14    XL:     7   Next: 42%
Magic:  2/2        EV:  7    Int: 10    God:    Okawaru [*.....]
Gold:   161        SH:  4    Dex: 12    Spells: 0 memorised, 6 levels left

rFire  . . .     SeeInvis .     a - +0 dagger (antimagic)
rCold  . . .     Gourm    .     c - +0 leather armour
rNeg   + + .     Faith    .     (no shield)
rPois  .         Spirit   .     q - +0 helmet
rElec  .         Reflect  +     (no cloak)
rCorr  .         Harm     .     (no gloves)
MR     .....     Rnd*Tele +     e - +1 centaur barding
Stlth  +.........               k - +4 amulet of reflection
                                n - ring of positive energy
                                h - ring of positive energy

@: very quick
A: hooves 3, deformed body, speed 2, mutation resistance 1, teleportitis 1,
tough skin 3
a: Heroism, Renounce Religion


You were on level 4 of the Dungeon.
You worshipped Okawaru.
Okawaru was aware of your devotion.
You were hungry.

You visited 2 branches of the dungeon, and saw 6 of its levels.

You collected 161 gold pieces.

Inventory:

Hand Weapons
 a - a +0 antimagic dagger (weapon)
 b - a +1 shortbow
 r - a +0 short sword
Missiles
 d - 56 arrows
 j - a throwing net (quivered)
Armour
 c - a +0 leather armour (worn)
 e - a +1 centaur barding (worn)
 q - a +0 helmet (worn)
Jewellery
 h - a ring of positive energy (left hand)
 i - an uncursed ring of wizardry
 k - a +4 amulet of reflection (around neck)
 n - a ring of positive energy (right hand)
Wands
 l - a wand of flame (48/48)
Scrolls
 m - a scroll of recharging
 p - 2 scrolls of remove curse
Potions
 f - a potion of haste
 g - 3 potions of curing


   Skills:
 + Level 4.5 Fighting
 * Level 10.4 Bows
 - Level 1.3 Dodging
 - Level 0.4 Stealth
 * Level 1.0 Invocations


You had 6 spell levels left.
You didn't know any spells.

Dungeon Overview and Level Annotations

Branches:
Dungeon (5/15)             Temple (1/1) D:4

Altars:
Ashenzari
Cheibriados
Dithmenos
Fedhas
Nemelex Xobeh
Okawaru
Ru
Trog
Uskayaw
Vehumet
Xom
Yredelemnul
The Shining One

Portals:
Ossuary: D:5

Annotations:
D:3 Sigmund
D:5 Menkaure, Pikel


Innate Abilities, Weirdness & Mutations

You have hooves in place of feet.
Armour fits poorly on your strangely shaped body.
You cover ground very quickly.
You have extremely tough skin. (AC +3)
You are somewhat resistant to further mutation.
You are occasionally teleported next to monsters.


Message History

You fail to use your ability.
The orc hits you but does no damage.
You hit the orc but do no damage.
The orc is lightly wounded.
The orc hits you but does no damage.
The centaur unwields an uncursed shortbow.
The centaur wields an uncursed dagger.
The centaur hits you with an uncursed dagger.
* * * LOW HITPOINT WARNING * * *
You barely miss the centaur.
The centaur is moderately wounded.
The centaur hits you with an uncursed dagger.
* * * LOW HITPOINT WARNING * * *
The orc barely misses you.
The centaur unwields an uncursed dagger.
The centaur wields an uncursed shortbow.
The centaur shoots an arrow.
The arrow hits you!
* * * LOW HITPOINT WARNING * * *
You see here an arrow.
The centaur shoots an arrow.
The arrow hits you.
You die...

...# ##.....## ###.##
#..# ##...## #[.# ...#
##'## ##.# #.## #.# #.#
#.########.# #.#
.........#.## #.#
..######....######## #.#
...#.###.....#.....# #.#
....#.##....##.(@..####.#
.....#.#.#.###.o..>.....#
......##.#####.c...######
...#(...)(c........#
.#######>###########
.........# ##########


You could see a centaur and an orc.

Vanquished Creatures
  A sky beast (D:4)
  A centaur (D:4)
  2 scorpions (D:4)
  A crimson imp (D:4)
  An orc priest (D:4)
  2 hounds (D:4)
  A bullfrog skeleton (D:4)
  3 orc wizards
  A worker ant (D:4)
  2 hound skeletons (D:4)
  5 adders
  An adder skeleton (D:4)
  2 worms
  A dart slug (D:1)
  A leopard gecko (D:4)
  21 orcs
  3 giant cockroaches
  4 goblins
  9 hobgoblins
  12 jackals
  7 kobolds
  A ball python (D:2)
  6 bats
  8 frilled lizards
  11 rats
107 creatures vanquished.

Vanquished Creatures (others)
  An orc (D:5)
  A giant cockroach zombie (D:5)
2 creatures vanquished.

Grand Total: 109 creatures vanquished

Notes
Turn   | Place    | Note
-------+----------+-------------------------------------------
     0 | D:1      | aggelon the Centaur Hunter began the quest for the Orb.
     0 | D:1      | Reached XP level 1. HP: 17/17 MP: 1/1
   267 | D:1      | Reached XP level 2. HP: 15/24 MP: 2/2
   413 | D:1      | Reached skill level 6 in Bows
   958 | D:1      | Reached XP level 3. HP: 25/29 MP: 3/3
  1922 | D:2      | Reached skill level 7 in Bows
  2365 | D:3      | Reached XP level 4. HP: 23/36 MP: 4/4
  2861 | D:3      | Found a sacrificial altar of Ru.
  3192 | D:3      | Noticed Sigmund
  4028 | D:4      | Reached skill level 8 in Bows
  4028 | D:4      | Reached XP level 5. HP: 39/44 MP: 5/5
  4448 | D:4      | Reached XP level 6. HP: 37/51 MP: 6/6
  4573 | D:4      | Reached skill level 9 in Bows
  4769 | D:4      | Found a staircase to the Ecumenical Temple.
  4794 | Temple   | Entered the Ecumenical Temple
  4860 | Temple   | Became a worshipper of Warmaster Okawaru
  5664 | D:4      | Noticed a sky beast
  5710 | D:4      | Killed a sky beast
  5710 | D:4      | Reached * piety under Okawaru
  5710 | D:4      | Reached skill level 10 in Bows
  5710 | D:4      | Reached XP level 7. HP: 31/59 MP: 7/7
  5860 | D:4      | Gained mutation: You are occasionally teleported next to monsters. [mutagenic meat]
  5861 | D:4      | Gained mutation: You are somewhat resistant to further mutation. [mutagenic meat]
  6390 | D:5      | Entered Level 5 of the Dungeon
  6539 | D:5      | Noticed Menkaure
  6547 | D:5      | Noticed Pikel
  6630 | D:5      | Found a sand-covered staircase.
  6897 | D:4      | Reached skill level 1 in Invocations
  7047 | D:4      | HP: 2/60 [centaur/arrow (7)]
  7048 | D:4      | Shot with an arrow by a centaur

Skill      XL: |  1  2  3  4  5  6  7 |
---------------+----------------------+-----
Bows           | 6 7 8 10 | 10.4
Fighting       | 3 4 |  4.5
Invocations    | 1 |  1.0
Dodging        | |  1.3
Stealth        | |  0.4

Action                   |  1- 3 |  4- 6 |  7- 9 || total
-------------------------+-------+-------+-------++-------
Melee: Short sword       |   182 |   268 |    39 ||   489
       Kick              |    39 |    66 |    23 ||   128
       Shortbow          |       |     1 |       ||     1
       Dagger            |       |       |    33 ||    33
 Fire: Shortbow          |     3 |    42 |    46 ||    91
Invok: Heroism           |       |       |     5 ||     5
  Use: Scroll            |     4 |     3 |       ||     7
       Potion            |     3 |     1 |       ||     4
  Eat: Bread ration      |     1 |     1 |       ||     2
       Chunk             |       |     4 |     5 ||     9
Armor: Leather armour    |    85 |   122 |    60 ||   267
Dodge: Dodged            |    68 |    95 |    45 ||   208
Block: Other             |     8 |    44 |    13 ||    65
       Reflection        |       |     1 |     2 ||     3
